 Dungeon Crawl Stone Soup version 0.31-a0-1237-gabc64e778c (webtiles) character file.

Game seed: 14026325084830773541

91 gelatine the Trooper (level 4, -1/35 HPs)
             Began as a Demonspawn Fighter on Dec 16, 2023.
             Succumbed to an orc wizard's poison
             ... on level 3 of the Dungeon.
             The game lasted 00:06:03 (2877 turns).

gelatine the Trooper (Demonspawn Fighter)           Turns: 2877, Time: 00:06:04

Health: -1/35      AC:  2    Str: 19    XL:     4   Next: 33%
Magic:  4/4        EV: 11    Int: 10    God:
Gold:   143        SH:  4    Dex: 12    Spells: 2/3 levels left

rFire   . . .        p - +0 dagger
rCold   + . .        c - +0 buckler
rNeg    . . .        o - +0 robe
rPois   .            (no helmet)
rElec   .            (no cloak)
rCorr   .            (no gloves)
SInv    .            (no boots)
Will    .....        (no amulet)
Stlth   +            g - ring of protection from cold
HPRegen 0.25/turn    (no ring)
MPRegen 0.09/turn

%: no passive effects
@: mighty, lethally poisoned (-1 -> -22)
A: big brain 1, demonic magic 1
a: no special abilities


You were on level 3 of the Dungeon.
You visited 1 branch of the dungeon, and saw 4 of its levels.

You collected 143 gold pieces.

Inventory:

Hand Weapons
 a - a +0 war axe
 p - a +0 dagger (weapon)
Armour
 b - a +0 scale mail
 c - a +0 buckler (worn)
 o - a +0 robe (worn)
Jewellery
 g - a ring of protection from cold (left hand)
Scrolls
 h - a scroll of enchant weapon {unknown}
 i - 2 scrolls of poison
 l - a scroll of blinking {unknown}
 q - a scroll of vulnerability {unknown}
Potions
 e - a potion of enlightenment {unknown}
 j - a potion of brilliance {unknown}
 k - a potion of cancellation
 m - a potion of magic {unknown}
 n - a potion of invisibility {unknown}


   Skills:
 * Level 3.4 Fighting
 + Level 2.8 Axes
 * Level 3.3 Armour
 * Level 0.4 Dodging
 * Level 2.9 Shields
 * Level 0.4 Spellcasting
 * Level 0.3 Earth Magic


You had 2 spell levels left.
You knew the following spells:

 Your Spells              Type           Power      Damage    Failure   Level
a - Sandblast             Erth           0%         2d4       38%         1

Your spell library contained the following spells:

 Spells                   Type           Power      Damage    Failure   Level
 Freeze                   Ice            0%         1d3       43%         1
 Slow                     Hex            0%         N/A       43%         1
 Passwall                 Tmut/Erth      0%         N/A       54%         2
 Scorch                   Fire           0%         2d5       56%         2
 Stone Arrow              Conj/Erth      0%         3d7       78%         3
 Call Canine Familiar     Summ           0%         N/A       80%         3
 Confusing Touch          Hex            0%         N/A       80%         3
 Sigil of Binding         Hex            0%         N/A       80%         3
 Vampiric Draining        Necr           0%         2d6       80%         3
 Brom's Barrelling Bould  Conj/Erth      0%         2d3       99%         4
 Dimensional Bullseye     Hex/Tloc       0%         N/A       99%         4
 Leda's Liquefaction      Hex/Erth       0%         N/A       99%         4


Dungeon Overview and Level Annotations

Branches:
Dungeon (4/15)
 Temple: D:4-7

Altars:

Shops:
D:1 (


Innate Abilities, Weirdness & Mutations

You have an unusually large brain. (Int +2)
Spells you cast may paralyse adjacent enemies.


Message History

You are lethally poisoned!
Deactivating autopickup; reactivate with Ctrl-A.
You feel very sick. Something hits you.
You are more poisoned.
It was a potion of curing.
You feel better. Something hits you.
You are poisoned.
You barely miss something.
You feel sick. Something hits you but does no damage.
You are lethally poisoned!
You hit something but do no damage.
* * * LOW HITPOINT WARNING * * *
You feel very sick. Something hits you.
* * * LOW HITPOINT WARNING * * *
You are more poisoned.
You feel better. Something hits you.
You are poisoned.
It was a potion of cancellation.
You feel magically purged.
You feel sick. Something hits you.
* * * LOW HITPOINT WARNING * * *
You are lethally poisoned!
The air fills with toxic fumes!
As you read the scroll labelled ZACWUA ZOEVI, it crumbles to dust.
It was a scroll of poison.
* * * LOW HITPOINT WARNING * * *
You feel very sick. Something hits you.
* * * LOW HITPOINT WARNING * * *
You are more poisoned.
You feel better. Something hits you.
You are poisoned.
You feel very mighty all of a sudden.
* * * LOW HITPOINT WARNING * * *
You feel very sick. Something hits you.
* * * LOW HITPOINT WARNING * * *
You are more poisoned.
You miss something.
You die...

#.###### #.# #..
#§....§####.#####..
#§....§§...........
#§...§§.###.#######
#§###§### #........
#§##§§# #########
#§#§§## #..
#{#§#############..
#§@§§§§§§§.........
########§§.........
#........#..
#........###
#####....# # #....#
# #....# # #....###
######..


There were no monsters in sight!

Vanquished Creatures
  3 adders (D:2)
  A dart slug (D:2)
  2 orcs
  9 ball pythons
  4 bats (D:1)
  6 endoplasms
  2 giant cockroaches (D:1)
  3 goblins
  9 hobgoblins
  4 frilled lizards
  6 kobolds
  7 rats
56 creatures vanquished.

Notes
Turn   | Place    | Note
-------+----------+-------------------------------------------
     0 | D:1      | gelatine the Demonspawn Fighter began the quest for the
                  | Orb.
     0 | D:1      | Reached XP level 1. HP: 18/18 MP: 1/1
    57 | D:1      | Found Xeqam's Weapon Emporium.
    95 | D:1      | Gained mutation: Spells you cast may paralyse adjacent
                  | enemies. [demonic ancestry]
    95 | D:1      | Reached XP level 2. HP: 24/24 MP: 2/2
   394 | D:1      | Found a faded altar of an unknown god.
   653 | D:1      | Reached XP level 3. HP: 28/29 MP: 3/3
  1465 | D:2      | Gained mutation: You have an unusually large brain. (Int
                  | +2) [demonic ancestry]
  1465 | D:2      | Reached XP level 4. HP: 35/35 MP: 4/4
  1477 | D:2      | Learned a level 1 spell: Sandblast
  1813 | D:2      | Got the Dissertation on the Combustive Wendigo
  2877 | D:3      | Succumbed to an orc wizard's poison

Illustrated notes

Levels and vault maps discovered:
D:1:      mrwooster_arrival_statue, layout_loops_corners, serial_shops,
          nicolae_shop_bloodbath_and_beyond,
          shapermc_ecumenical_altar_mp_vishouse
D:2:      layout_basic, kennysheep_path_1
D:3:      layout_basic, serial_forest, infiniplex_forest_lined_3,
          infiniplex_forest_side_room, infiniplex_forest_end_1,
          infiniplex_forest_fountain
D:4:      layout_basic, ashenzari_conservatory_becter, okawaru_altar_gauntlet_db

Skill      XL: |  1  2 |
---------------+-------+-----
Axes           | 2 |  2.8
Armour         | 3 |  3.3
Fighting       | |  3.4
Dodging        | |  0.4
Shields        | |  2.9
Spellcasting   | |  0.4
Earth Magic    | |  0.3

Action                     |  1- 3 |  4- 6 || total
---------------------------+-------+-------++-------
  Melee: War axe           |   105 |    12 ||   117
         Dagger            |       |    32 ||    32
   Cast: Sandblast         |       |    17 ||    17
    Use: Potion            |       |     5 ||     5
         Scroll            |       |     1 ||     1
   Stab: Paralysed         |       |     1 ||     1
 Armour: Scale mail        |    81 |     2 ||    83
         Robe              |       |    30 ||    30
  Dodge: Dodged            |    59 |    13 ||    72
  Block: Buckler           |    22 |     7 ||    29

Table legend: (Time is in decaauts)
 A = Elapsed time spent in this place.
 B = Non-inter-level travel time spent in this place.
 C = Inter-level travel time spent in this place.
 D = Time resting spent in this place.
 E = Time spent auto-exploring this place.
 F = Levels seen in this place.
 G = Mean time per level.
                   A        B        C        D        E       F      G
               +--------+--------+--------+--------+--------+-----+--------+
         Total |   2936 |   2846 |     90 |      0 |   2307 |   4 |  734.0 |
       Dungeon |   2936 |   2846 |     90 |      0 |   2307 |   4 |  734.0 |
               +--------+--------+--------+--------+--------+-----+--------+

Top non-repeatable levels by time:
     D:1: 1031 daAuts
     D:3: 943 daAuts
     D:2: 927 daAuts
     D:4: 33 daAuts
